 Dungeon Crawl Stone Soup version 0.25-a0-1133-g93ebf73 (webtiles) character file.

Game seed: 14235119082784778637, levelgen mode: deterministic

4 thirtiethelement the Skirmisher (level 1, 0/18 HPs)
             Began as a Demonspawn Abyssal Knight on May 22, 2020.
             Was an Initiate of Lugonu.
             Slain by a jackal (2 damage)
             ... on level 1 of the Dungeon.
             The game lasted 00:02:02 (263 turns).

thirtiethelement the Skirmisher (DsAK)               Turns: 263, Time: 00:02:02

Health: 0/18       AC:  3    Str: 12    XL:     1   Next: 58%
Magic:  2/2        EV: 11    Int: 13    God:    Lugonu [......]
Gold:   110        SH:  0    Dex: 12    Spells: 0/0 levels left

rFire    . . .     SeeInvis .   a - +1 falchion
rCold    . . .     Gourm    .   (no shield)
rNeg     . . .     Faith    .   b - +0 leather armour
rPois    .         Spirit   .   (no helmet)
rElec    .         Reflect  .   (no cloak)
rCorr    .         Harm     .   (no gloves)
MR       .....                  (no boots)
Stlth    +.........             (no amulet)
HPRegen  0.06/turn              (no ring)
MPRegen  0.08/turn              (no ring)

@: no status effects
A: no striking features
a: Renounce Religion


You were on level 1 of the Dungeon.
You worshipped Lugonu.
Lugonu was noncommittal.
You were not hungry.

You visited 1 branch of the dungeon, and saw 1 of its levels.
You visited the Abyss 1 time.

You collected 110 gold pieces.

Inventory:

Hand Weapons
 a - a +1 falchion (weapon)
Armour
 b - a +0 leather armour (worn)
Scrolls
 e - 2 scrolls of blinking {unknown}
 f - a scroll of fear {unknown}
 h - a scroll of identify {unknown}
Potions
 g - a potion of brilliance {unknown}
Miscellaneous
 d - a lightning rod (4/4)
Comestibles
 c - 2 rations


   Skills:
 + Level 3.2 Fighting
 + Level 1.7 Long Blades
 + Level 1.9 Armour
 + Level 0.8 Dodging
 + Level 2.5 Invocations


You couldn't memorise any spells.
You didn't know any spells.
Your spell library was empty.

Dungeon Overview and Level Annotations

Branches:
Dungeon (1/15)

Altars:


Message History

You miss the jackal. The jackal bites you.
* * * LOW HITPOINT WARNING * * *
The jackal bites you but does no damage.
You hit the jackal.
The jackal is moderately wounded.
The jackal completely misses you.
You hit the jackal.
The jackal is moderately wounded.
The jackal barely misses you.
The jackal bites you but does no damage.
You completely miss the jackal.
The jackal is moderately wounded.
The jackal bites you but does no damage.
The jackal bites you.
* * * LOW HITPOINT WARNING * * *
The jackal misses you. The jackal barely misses you.
The jackal closely misses you. The jackal bites you.
You die...

#................≈≈≈≈≈≈≈
#..........###..≈≈≈≈≈≈≈≈
#.#####....##..≈≈≈≈≈≈≈≈#
# #...#....#..≈≈≈≈≈≈≈≈##
#.#........#.≈≈≈≈≈≈≈≈≈#.
#.#.....###..≈≈≈≈≈≈≈≈≈#.
#>......# #..≈≈≈≈≈≈≈≈≈#.
#.......# #.≈≈≈≈≈≈≈≈≈≈##
#.#....@## .≈≈≈≈≈≈≈≈≈≈≈#
#.#...h..# ≈≈≈≈≈≈≈≈≈
###.##.h#### ≈≈≈≈≈≈≈≈≈
........### ≈≈≈≈≈≈≈≈≈
###....(..# ≈≈≈≈≈≈≈≈
#.....#.# #####≈≈≈≈
#....(..#.≈≈≈≈##...##≈..
#.#.....#.≈≈≈≈#.....#...
...#...†.#g≈≈≈≈#.>...'...


You could see 2 jackals.

Vanquished Creatures
  A goblin (D:1)
  A jackal (D:1)
  A bat (D:1)
  A kobold (D:1)
  A rat (D:1)
5 creatures vanquished.

Notes
Turn   | Place    | Note
-------+----------+-------------------------------------------
     0 | Abyss:1  | thirtiethelement the Demonspawn Abyssal Knight began the
                  | quest for the Orb.
     0 | Abyss:1  | Reached XP level 1. HP: 18/18 MP: 2/2
    66 | Abyss:2  | Noticed a small abomination
    66 | Abyss:2  | Noticed a large abomination
    68 | Abyss:2  | Noticed a starcursed mass
    77 | D:1      | Escaped the Abyss
   263 | D:1      | Slain by a jackal

Illustrated notes

Levels and vault maps discovered:
D:1:      minmay_arrival_shoal_huts, layout_basic

Action                   || total
-------------------------++-------
Melee: Falchion          ||    22
Invok: Depart the Abyss  ||     1
Armor: Leather armour    ||    14
Dodge: Dodged            ||    15
       Rpst.: Falchion   ||     3

Table legend:
 A = Non-vault XP
 B = Vault XP
 C = Vault XP percentage of total XP
 D = Non-vault monster count
 E = Vault monster count
 F = Vault count percentage of total count
                 A         B        C        D         E       F
            +---------+---------+-------+---------+---------+-------
      Total |       7 |       0 |   0.0 |       5 |       0 |   0.0
            +---------+---------+-------+---------+---------+-------
        D:1 |       7 |       0 |   0.0 |       5 |       0 |   0.0
            +---------+---------+-------+---------+---------+-------
